 Dungeon Crawl Stone Soup version 0.32-a0-666-ge8a88695a4 (webtiles) character file.

Game seed: 7143423462973715398

34449 Zonian the Grappler (level 13, -11/121 HPs)
             Began as a Gnoll Shapeshifter on Mar 9, 2024.
             Was an Initiate of Gozag.
             Mangled by a death yak (23 damage)
             ... on level 4 of the Lair of Beasts.
             The game lasted 01:15:31 (24581 turns).

Zonian the Grappler (Gnoll Shapeshifter)           Turns: 24581, Time: 01:15:31

Health: -11/121    AC:  9    Str: 20    XL:     13   Next: 77%
Magic:  23/26      EV: 15    Int: 14    God:    Gozag
Gold:   188        SH:  0    Dex: 17    Spells: 17/30 levels left

rFire   . .          .
                       - Unarmed
rCold   . . .        o - melded +1 buckler
rNeg    . . .        H - melded +1 scale mail of Lesser Demons {rN+ Will+ Str+3}
rPois   +            (helmet currently unavailable)
rElec   .            (cloak currently unavailable)
rCorr   .            (gloves currently unavailable)
SInv    +            (boots currently unavailable)
Will    .....        i - amulet of the acrobat
Stlth   ++++         t - +6 ring of dexterity
HPRegen 0.40/turn    C - ring of see invisible
MPRegen 0.20/turn

%: acrobat
@: about to teleport, snake-form
A: constrict, boosted hp, large, (fangs 1), strong nose, distributed training
a: Begin Untransformation, Renounce Religion, Potion Petition, Call Merchant,
Bribe Branch


You were on level 4 of the Lair of Beasts.
You worshipped Gozag.
Gozag was aware of your devotion.
You were an enormous serpent.
You visited 3 branches of the dungeon, and saw 14 of its levels.

You collected 2963 gold pieces.
You spent 264 gold pieces at shops.
You paid 2511 gold pieces to Gozag.


Innate Abilities, Weirdness & Mutations

You are an enormous serpent.
You have a powerful constriction melee attack.
Your maximum health is increased.
Your armour is entirely melded.
You are incapable of wielding weapons or throwing items.
((You have very sharp teeth.))
Your uncanny sense of smell can sniff out nearby items.
Your experience applies equally to all skills.


   Skills:
 + Level 9.5 Fighting
 + Level 9.1 Short Blades
 + Level 9.1 Long Blades
 + Level 9.1 Axes
 + Level 9.1 Maces & Flails
 + Level 9.1 Polearms
 + Level 9.1 Staves
 + Level 9.1 Ranged Weapons
 + Level 9.1 Throwing
 + Level 9.1 Armour
 + Level 10.2 Dodging
 + Level 9.1 Stealth
 + Level 9.1 Shields
 + Level 11.2 Unarmed Combat
 + Level 9.1 Spellcasting
 + Level 7.6 Conjurations
 + Level 7.6 Hexes
 + Level 7.6 Summonings
 + Level 7.6 Necromancy
 + Level 7.6 Translocations
 + Level 7.6 Fire Magic
 + Level 7.6 Ice Magic
 + Level 7.6 Air Magic
 + Level 7.6 Earth Magic
 + Level 7.6 Alchemy
 + Level 9.9 Invocations
 + Level 9.1 Evocations
 + Level 10.6 Shapeshifting


You had 17 spell levels left.
You knew the following spells:

 Your Spells              Type           Power      Damage    Failure   Level
a - Static Discharge      Conj/Air       54%        3-6/arc   1%          2
b - Confusing Touch       Hex            27%        N/A       1%          3
c - Jinxbite              Hex            54%        N/A       1%          2
d - Swiftness             Air            27%        N/A       1%          3
e - Volatile Blastmotes   Fire/Tloc      54%        2d14      1%          3

Your spell library contained the following spells:

 Spells                   Type           Power      Damage    Failure   Level
 Slow                     Hex            100%       N/A       1%          1
 Ensorcelled Hibernation  Hex/Ice        54%        N/A       1%          2
 Dazzling Flash           Conj/Hex       54%        N/A       1%          3
 Hailstorm                Conj/Ice       27%        3d8       1%          3
 Inner Flame              Hex/Fire       27%        N/A       1%          3
 Passwall                 Erth           27%        N/A       1%          3
 Sigil of Binding         Hex            27%        N/A       1%          3
 Summon Ice Beast         Ice/Summ       27%        N/A       1%          3
 Vampiric Draining        Necr           27%        2d7       1%          3
 Airstrike                Air            13%        2d(2-18)  4%          4
 Animate Armour           Summ/Erth      54%        N/A       4%          4
 Flame Wave               Conj/Fire      27%        2d9       4%          4
 Fulminant Prism          Conj/Alch      13%        3d9       4%          4
 Iskenderun's Mystic Bla  Conj/Tloc      27%        2d7       4%          4
 Passage of Golubria      Tloc           27%        N/A       4%          4
 Sticky Flame             Fire/Alch      27%        2d7       4%          4
 Summon Lightning Spire   Summ/Air       27%        N/A       4%          4
 Lee's Rapid Deconstruct  Erth           13%        3d9*      14%         5
 Silence                  Hex/Air        13%        N/A       14%         5
 Yara's Violent Unravell  Hex/Alch       13%        3d7       14%         5
 Sculpt Simulacrum        Ice/Alch       13%        N/A       61%         6
 Starburst                Conj/Fire      13%        6d6       61%         6
 Enfeeble                 Hex            13%        N/A       99%         7
 Lehudib's Crystal Spear  Conj/Erth      13%        10d5      100%        8
 Maxwell's Capacitive Co  Air            13%        ∞         100%        8

Inventory:

Hand Weapons
 l - a +0 short sword of draining {short}
   (You found it on level 1 of the Lair of Beasts)
 n - a +2 dagger of draining {short}
   (You took it off a goblin on level 2 of the Dungeon)
 v - the +7 spear of Focus {freeze, rN+, polearm}
   (You found it on level 4 of the Dungeon)

   rN+:       It protects you from negative energy.
Missiles
 m - 6 curare-tipped darts {=fthrowing}
 u - 32 poisoned darts (quivered) {throwing}
 y - 7 javelins {throwing}
Armour
 a - a +1 animal skin
 k - a +4 ring mail of cold resistance
   (You found it on level 5 of the Dungeon)
 o - a +1 buckler (melded)
   (You found it on level 2 of the Dungeon)
 r - a +0 helmet
   (You found it on level 5 of the Dungeon)
 s - a +1 pair of gloves of hurling
   (You found it on level 3 of the Dungeon)
 H - the +1 scale mail of Lesser Demons (melded) {rN+ Will+ Str+3}
   (You found it on level 2 of the Lair of Beasts)

   Str+3:     It affects your strength (+3).
   rN+:       It protects you from negative energy.
   Will+:     It increases your willpower.
 K - a +2 cloak of willpower
   (You took it off Maurice on level 8 of the Dungeon)
Jewellery
 i - an amulet of the acrobat (around neck)
   (You found it on level 1 of the Dungeon)
 j - a ring of ice
   (You found it on level 1 of the Dungeon)
 t - a +6 ring of dexterity (left hand)
   (You found it on level 2 of the Lair of Beasts)
 A - a ring of positive energy
   (You took it off a kobold on level 4 of the Dungeon)
 C - a ring of see invisible (right hand)
   (You found it on level 5 of the Dungeon)
 G - the amulet of Esyum {Acrobat Harm Int+3}
   (You found it on level 7 of the Dungeon)

   [amulet of the acrobat]

   Acrobat:   It increases your evasion while moving and waiting.
   Int+3:     It affects your intelligence (+3).
   Harm:      It increases damage dealt and taken.
 I - an amulet of magic regeneration {@e2}
   (You found it on level 1 of the Lair of Beasts)
 Q - a ring of poison resistance
   (You bought it in a shop on level 5 of the Dungeon)
Talismans
 c - a beast talisman
 d - a flux talisman
 F - a serpent talisman (active)
   (You found it on level 6 of the Dungeon)
Wands
 e - a wand of flame (19)
   (You found it on level 3 of the Dungeon)
 g - a wand of digging (3)
   (You found it on level 1 of the Lair of Beasts)
 w - a wand of warping (10)
   (You found it on level 4 of the Dungeon)
 E - a wand of mindburst (3)
   (You found it on level 6 of the Dungeon)
 L - a wand of paralysis (12)
   (You took it off Maurice on level 8 of the Dungeon)
Scrolls
 h - a scroll of silence {!r}
 B - a scroll of identify {@r1}
 N - 3 scrolls of immolation {!r!r}
Potions
 b - 2 potions of lignification {!q}
 f - 3 potions of mutation {!q}
 p - 2 potions of resistance
 q - a potion of enlightenment
 x - 2 potions of magic
 z - 3 potions of brilliance
 D - a potion of ambrosia
 M - 2 potions of attraction {!q}
 O - 3 potions of curing {@q1}

Dungeon Overview and Level Annotations

Branches:
Dungeon (9/15) Zot: 25060  Temple (1/1) D:4 Zot: 5899    Lair (4/5) D:9 Zot: 10592
  Swamp (0/4) Lair:3        Snake (0/4) Lair:3
  Slime: Lair:4-5       Orc: D:9-12

Altars:
Cheibriados
Dithmenos
Fedhas
Gozag
Hepliaklqana
Kikubaaqudgha
Makhleb
Nemelex Xobeh
Okawaru
Qazlal
Ru
Sif Muna
Trog
Uskayaw
Vehumet
Wu Jian
Xom
Yredelemnul
Zin

Shops:
D:2 (   D:3 *   D:5 =   D:7 ? D:8

: #..##########........ ....... #
#..##.####....###... #...# #
##..##......##Y## #. #...####
#...#.......#...# ..## #..##...
#....#.........## ....# #.......
#...........#..# ....###..P#...
##.##.........Y## .....#...##...
...##........YY###. #.###...#...
#.. ###.P####Y#S#.###.##...##...
#.P####.#####.###.P#..##...###..
#.##.##.###.[...........P.......
#...............................
#...............................
#.#.#.#..##.....................
##.##########.................#..
....#.##..###.....######......##.
##.###.....##...#########.....#..


You could see 2 death yaks and a yak.


Message History

The death yak bellows!
You hear a bellow! 😕 HP[-22]
You take 22 damage, and now have 92/121 hp.
You hit the death yak but do no damage. You constrict the death yak.
You hear a bellow!
The death yak gores you. 😮 HP[-2]
You take 2 damage, and now have 90/121 hp.
You hit the death yak. You constrict the death yak.
The death yak barely misses you. 😕 HP[+1]
You hit the death yak. You constrict the death yak!
You kill the death yak!
Casting: Confusing Touch (safe; 1% risk of failure)
Confirm with . or Enter, or press ? or * to list all spells.
Your hands begin to glow red.
The death yak gores you! 😮 HP[-12] MP[-3]
You take 12 damage, and now have 79/121 hp.
You lost 3 mp, and now have 23/26 mp.
Unknown command.
You hit the death yak but do no damage. You grab the death yak.
You constrict the death yak.
The death yak is distracted by your dazzling golden aura.
The death yak gores you! 😮 HP[-10]
You take 10 damage, and now have 69/121 hp.
The death yak bellows!
The yak bellows!
You hit the death yak but do no damage. You constrict the death yak.
The death yak is distracted by your dazzling golden aura.
Unknown command.
You catch the helpless death yak completely off-guard!
You hit the death yak but do no damage.
The death yak is no longer distracted by gold.
You constrict the death yak.
The death yak is distracted by your dazzling golden aura.
The death yak bellows!
You hit the death yak but do no damage.
The death yak is no longer distracted by gold.
You constrict the death yak. 😮 HP[+1] Unknown command.
You hit the death yak but do no damage. You constrict the death yak.
The death yak is no longer distracted by gold.
The death yak misses you. 😮 MP[+1]
You hit the death yak but do no damage. You constrict the death yak.
The death yak gores you!
* * * LOW HITPOINT WARNING * * *
😨 HP[-15]
You take 15 damage, and now have 55/121 hp.
Unknown command.
You hit the death yak but do no damage. You constrict the death yak.
The death yak barely misses you. 😨 HP[+1]
You hit the death yak but do no damage. You constrict the death yak.
The death yak gores you!!
* * * LOW HITPOINT WARNING * * *
😨 HP[-18]
You take 18 damage, and now have 38/121 hp.
Unknown command.
Casting: Confusing Touch (safe; 1% risk of failure)
Confirm with . or Enter, or press ? or * to list all spells.
The death yak is struck by an arc of lightning.
The yak is struck by an arc of lightning.
The death yak is struck by an arc of lightning.
The lightning grounds out.
You constrict the death yak! The death yak misses you. 😨 MP[-2]
You lost 2 mp, and now have 22/26 mp.
Unknown command.
You hit the death yak but do no damage.
You constrict the death yak. 😨 HP[+1] Unknown command.
You hit the death yak but do no damage. You constrict the death yak.
The death yak gores you!
* * * LOW HITPOINT WARNING * * *
😱 HP[-10] MP[+1]
You take 10 damage, and now have 29/121 hp.
You hit the death yak but do no damage. You constrict the death yak.
The death yak gores you but does no damage.
Unknown command.
Okay, then.
You hit the death yak but do no damage. You constrict the death yak.
The death yak gores you!
* * * LOW HITPOINT WARNING * * *
😱 HP[-14]
You take 14 damage, and now have 15/121 hp.
Unknown command.
You hit the death yak but do no damage. You constrict the death yak.
The death yak gores you.
* * * LOW HITPOINT WARNING * * *
😱 HP[-3]
You take 3 damage, and now have 12/121 hp.
Unknown command.
As you read the scroll of teleportation {@r4}, it crumbles to dust.
You feel strangely unstable.
Your hands stop glowing.
You constrict the death yak. The death yak gores you!!
You die...
Your body crumbles into a pile of gold.

Skill      XL: |  1  2  3  4  5  6  7  8  9 10 11 12 13 |
---------------+----------------------------------------+-----
Invocations    | 1 2 3 6 7 8 9 |  9.9
Short Blades   | 1 2 3 5 6 7 8 9 |  9.1
Long Blades    | 1 2 3 5 6 7 8 9 |  9.1
Axes           | 1 2 3 5 6 7 8 9 |  9.1
Maces & Flails | 1 2 3 5 6 7 8 9 |  9.1
Polearms       | 1 2 3 5 6 7 8 9 |  9.1
Staves         | 1 2 3 5 6 7 8 9 |  9.1
Ranged Weapons | 1 2 3 5 6 7 8 9 |  9.1
Throwing       | 1 2 3 5 6 7 8 9 |  9.1
Armour         | 1 2 3 5 6 7 8 9 |  9.1
Stealth        | 1 2 3 5 6 7 8 9 |  9.1
Shields        | 1 2 3 5 6 7 8 9 |  9.1
Spellcasting   | 1 2 3 5 6 7 8 9 |  9.1
Evocations     | 1 2 3 5 6 7 8 9 |  9.1
Conjurations   | 1 2 4 5 6 7 |  7.6
Hexes          | 1 2 4 5 6 7 |  7.6
Summonings     | 1 2 4 5 6 7 |  7.6
Necromancy     | 1 2 4 5 6 7 |  7.6
Translocations | 1 2 4 5 6 7 |  7.6
Fire Magic     | 1 2 4 5 6 7 |  7.6
Ice Magic      | 1 2 4 5 6 7 |  7.6
Air Magic      | 1 2 4 5 6 7 |  7.6
Earth Magic    | 1 2 4 5 6 7 |  7.6
Alchemy        | 1 2 4 5 6 7 |  7.6
Fighting       | 3 4 6 7 8 9 |  9.5
Dodging        | 5 7 8 9 10 | 10.2
Unarmed Combat | 7 8 9 10 11 | 11.2
Shapeshifting  | 7 8 9 10 | 10.6

Action                     |  1- 3 |  4- 6 |  7- 9 | 10-12 | 13-15 || total
---------------------------+-------+-------+-------+-------+-------++-------
  Melee: Unarmed           |    40 |   128 |   164 |   877 |   245 ||  1454
         Bite              |     5 |    13 |    23 |   147 |    32 ||   220
         Punch             |     2 |       |       |       |       ||     2
         Dagger            |       |    34 |       |       |       ||    34
         Constrict         |       |       |       |       |    18 ||    18
  Throw: Dart              |       |       |       |     5 |       ||     5
   Cast: Static Discharge  |       |       |       |    47 |     1 ||    48
         Confusing Touch   |       |       |       |     2 |     3 ||     5
         Jinxbite          |       |       |       |     3 |     4 ||     7
         Swiftness         |       |       |       |     1 |     1 ||     2
         Volatile Blastmot |       |       |       |       |     2 ||     2
 Invoke: Potion Petition   |       |       |       |     3 |     3 ||     6
Ability: Begin Untransform |       |       |       |       |     1 ||     1
  Evoke: Wand              |       |       |     7 |    22 |     1 ||    30
    Use: Scroll            |       |     8 |     5 |    24 |     3 ||    40
         Potion            |       |     3 |     2 |    11 |     2 ||    18
   Stab: Sleeping          |     1 |     2 |     5 |     4 |       ||    12
         Distracted        |       |       |       |     4 |     1 ||     5
         Confused          |       |       |       |     1 |     1 ||     2
 Armour: Animal skin       |     9 |    76 |     1 |       |       ||    86
         Ring mail         |       |       |    81 |   338 |       ||   419
         Scale mail        |       |       |       |    98 |   117 ||   215
         Skin              |       |       |       |       |    49 ||    49
  Dodge: Dodged            |    24 |   118 |    83 |   421 |   145 ||   791
  Block: Buckler           |       |    28 |    26 |   188 |    58 ||   300
   Form: Serpent           |       |       |       |       |     1 ||     1

Levels and vault maps discovered:
D:1:      dpeg_arrival_boxorama, layout_rooms
D:2:      layout_loops_ring, serial_shops, nicolae_shop_hallway_plus
D:3:      layout_basic, serial_shops, nicolae_shop_rolling_square,
          serial_aquarium, aquarium_bridge_square [aquarium_subvault_bridge,
          aquarium_subvault_window, aquarium_subvault_window,
          aquarium_subvault_balcony], aquarium_bridge_square
          [aquarium_subvault_bridge, aquarium_subvault_wall,
          aquarium_subvault_wall, aquarium_subvault_bridge],
          aquarium_window_corner, aquarium_window_fake, aquarium_view_2b,
          aquarium_view_2b, aquarium_balcony_3a
D:4:      layout_cave_pods, minmay_temple_entry_stoned_glass,
          kennysheep_generic_room_8
D:5:      layout_loops_ring, serial_shops, kennysheep_little_box
D:6:      layout_gridville, nicolae_lava_and_water
D:7:      layout_layer_cave, serial_shops, nicolae_shop_rolling_square
D:8:      layout_basic, grunt_temple_overflow_forces_of_nature,
          dk_yredelemnul_ordeal, mainiacjoe_overflow_boulevard,
          pf_just_have_faith, serial_shops, shop, serial_glass, glass_columns_a,
          glass_columns_c, special_room [special_room_orc], uniq_maurice,
          uniq_pikel, uniq_maggie
D:9:      layout_rooms, beargit_hepliaklqana_dungeon_heroes, dpeg_oklobed_lair,
          enter_bailey_5
Temple:   nicolae_temple_godzebo
Lair:1:   layout_cave_pods, basic_altar, grunt_megastairs_2,
          infiniplex_staircase_pool
Lair:2:   layout_hall_layers, chequers_serial_rivers_micro_d,
          grunt_forest_stairs_basic, roderic_carrion_pond,
          chequers_serial_rivers_micro_e, beast_lair_carwin_6,
          serial_bayou_shore_b, grunt_megastairs_5, lemuel_fruit_fields,
          lemuel_fruit_fields
Lair:3:   layout_regular_city, skrybe_swamp_entry_bodies,
          nicolae_snake_entry_warm_welcome
Lair:4:   layout_regular_city, nicolae_volcano_entry_two_sided,
          serial_bayou_shore_b, uniq_kirke, uniq_urug

Notes
Turn   | Place    | Note
-------+----------+-------------------------------------------
     0 | D:1      | Zonian the Gnoll Shapeshifter began the quest for the Orb.
     0 | D:1      | Reached XP level 1. HP: 17/17 MP: 1/1
     0 | D:1      | magus.rc [v1.9.6]
    40 | D:1      | Reached XP level 2. HP: 21/23 MP: 2/2
   123 | D:1      | You pick up a book of the Moon and begin reading...
   123 | D:1      | You add the spells Passage of Golubria, Silence and
                  | Lehudib's Crystal Spear to your library.
   131 | D:1      | You pick up a book of Blasting and begin reading...
   131 | D:1      | You add the spells Volatile Blastmotes, Fulminant Prism and
                  | Iskenderun's Mystic Blast to your library.
   198 | D:1      | Reached XP level 3. HP: 28/28 MP: 3/3
   242 | D:1      | You pick up a book of Iron and begin reading...
   242 | D:1      | You add the spells Summon Lightning Spire, Animate Armour
                  | and Lee's Rapid Deconstruction to your library.
   373 | D:1      | Reached skill level 1 in Invocations
   439 | D:1      | You pick up a book of the Tundra and begin reading...
   439 | D:1      | You add the spells Hailstorm, Summon Ice Beast and Sculpt
                  | Simulacrum to your library.
   678 | D:2      | Reached skill level 1 in Short Blades
   678 | D:2      | Reached skill level 1 in Long Blades
   678 | D:2      | Reached skill level 1 in Axes
   678 | D:2      | Reached skill level 1 in Maces & Flails
   678 | D:2      | Reached skill level 1 in Polearms
   678 | D:2      | Reached skill level 1 in Staves
   678 | D:2      | Reached skill level 1 in Ranged Weapons
   678 | D:2      | Reached skill level 1 in Throwing
   678 | D:2      | Reached skill level 1 in Armour
   678 | D:2      | Reached skill level 1 in Stealth
   678 | D:2      | Reached skill level 1 in Shields
   678 | D:2      | Reached skill level 1 in Spellcasting
   678 | D:2      | Reached skill level 1 in Evocations
   693 | D:2      | Reached XP level 4. HP: 24/34 MP: 5/5
   924 | D:2      | Found Cona's Weapon Boutique.
   974 | D:2      | Reached skill level 1 in Conjurations
   974 | D:2      | Reached skill level 1 in Hexes
   974 | D:2      | Reached skill level 1 in Summonings
   974 | D:2      | Reached skill level 1 in Necromancy
   974 | D:2      | Reached skill level 1 in Translocations
   974 | D:2      | Reached skill level 1 in Fire Magic
   974 | D:2      | Reached skill level 1 in Ice Magic
   974 | D:2      | Reached skill level 1 in Air Magic
   974 | D:2      | Reached skill level 1 in Earth Magic
   974 | D:2      | Reached skill level 1 in Alchemy
  1092 | D:2      | You pick up a book of Flames and begin reading...
  1092 | D:2      | You add the spells Inner Flame, Sticky Flame and Flame Wave
                  | to your library.
  1328 | D:2      | You fall into a shaft and drop 1 floor!
  1863 | D:3      | Reached XP level 5. HP: 38/40 MP: 7/7
  2266 | D:3      | Reached skill level 3 in Fighting
  2298 | D:3      | Found Tehuicuh's Assorted Antiques.
  2884 | D:4      | You pick up a book of Spectacle and begin reading...
  2884 | D:4      | You add the spells Dazzling Flash, Starburst and Maxwell's
                  | Capacitive Coupling to your library.
  2979 | D:4      | Found a staircase to the Ecumenical Temple.
  2988 | Temple   | Entered the Ecumenical Temple
  3058 | Temple   | Became a worshipper of Gozag Ym Sagoz the Greedy
  3211 | D:4      | Identified the +7 spear of Focus {freeze, rN+}
  3358 | D:4      | Noticed a phantom
  3381 | D:4      | Killed a phantom
  3382 | D:4      | Reached skill level 2 in Invocations
  3382 | D:4      | Reached XP level 6. HP: 42/47 MP: 8/8
  3409 | D:4      | Reached skill level 5 in Dodging
  3744 | D:4      | Noticed a water moccasin
  3749 | D:4      | Killed a water moccasin
  3750 | D:4      | Reached skill level 2 in Short Blades
  3750 | D:4      | Reached skill level 2 in Long Blades
  3750 | D:4      | Reached skill level 2 in Axes
  3750 | D:4      | Reached skill level 2 in Maces & Flails
  3750 | D:4      | Reached skill level 2 in Polearms
  3750 | D:4      | Reached skill level 2 in Staves
  3750 | D:4      | Reached skill level 2 in Ranged Weapons
  3750 | D:4      | Reached skill level 2 in Throwing
  3750 | D:4      | Reached skill level 2 in Armour
  3750 | D:4      | Reached skill level 2 in Stealth
  3750 | D:4      | Reached skill level 2 in Shields
  3750 | D:4      | Reached skill level 2 in Spellcasting
  3750 | D:4      | Reached skill level 2 in Evocations
  3863 | D:5      | Entered Level 5 of the Dungeon
  3894 | D:5      | Reached skill level 7 in Unarmed Combat
  3894 | D:5      | Reached XP level 7. HP: 16/52 MP: 10/10
  3894 | D:5      | HP: 12/52 [ufetubus (4)]
  4197 | D:5      | Reached skill level 2 in Conjurations
  4197 | D:5      | Reached skill level 2 in Hexes
  4197 | D:5      | Reached skill level 2 in Summonings
  4197 | D:5      | Reached skill level 2 in Necromancy
  4197 | D:5      | Reached skill level 2 in Translocations
  4197 | D:5      | Reached skill level 2 in Fire Magic
  4197 | D:5      | Reached skill level 2 in Ice Magic
  4197 | D:5      | Reached skill level 2 in Air Magic
  4197 | D:5      | Reached skill level 2 in Earth Magic
  4197 | D:5      | Reached skill level 2 in Alchemy
  4197 | D:5      | HP: 13/52 [poisoned by a scorpion]
  4731 | D:5      | Reached skill level 7 in Shapeshifting
  4790 | D:5      | Found Rahepecigu's Jewellery Shoppe.
  4877 | D:5      | Identified a potion of experience
  5170 | D:6      | Reached skill level 3 in Invocations
  5512 | D:6      | Noticed a shadow
  5523 | D:6      | Killed a shadow
  5524 | D:6      | Reached skill level 4 in Fighting
  5524 | D:6      | Reached skill level 3 in Short Blades
  5524 | D:6      | Reached skill level 3 in Long Blades
  5524 | D:6      | Reached skill level 3 in Axes
  5524 | D:6      | Reached skill level 3 in Maces & Flails
  5524 | D:6      | Reached skill level 3 in Polearms
  5524 | D:6      | Reached skill level 3 in Staves
  5524 | D:6      | Reached skill level 3 in Ranged Weapons
  5524 | D:6      | Reached skill level 3 in Throwing
  5524 | D:6      | Reached skill level 3 in Armour
  5524 | D:6      | Reached skill level 3 in Stealth
  5524 | D:6      | Reached skill level 3 in Shields
  5524 | D:6      | Reached skill level 3 in Spellcasting
  5524 | D:6      | Reached skill level 3 in Evocations
  5524 | D:6      | Reached XP level 8. HP: 47/60 MP: 12/12
  5668 | D:6      | Reached skill level 6 in Fighting
  5668 | D:6      | Reached skill level 5 in Short Blades
  5668 | D:6      | Reached skill level 5 in Long Blades
  5668 | D:6      | Reached skill level 5 in Axes
  5668 | D:6      | Reached skill level 5 in Maces & Flails
  5668 | D:6      | Reached skill level 5 in Polearms
  5668 | D:6      | Reached skill level 5 in Staves
  5668 | D:6      | Reached skill level 5 in Ranged Weapons
  5668 | D:6      | Reached skill level 5 in Throwing
  5668 | D:6      | Reached skill level 5 in Armour
  5668 | D:6      | Reached skill level 7 in Dodging
  5668 | D:6      | Reached skill level 5 in Stealth
  5668 | D:6      | Reached skill level 5 in Shields
  5668 | D:6      | Reached skill level 8 in Unarmed Combat
  5668 | D:6      | Reached skill level 5 in Spellcasting
  5668 | D:6      | Reached skill level 4 in Conjurations
  5668 | D:6      | Reached skill level 4 in Hexes
  5668 | D:6      | Reached skill level 4 in Summonings
  5668 | D:6      | Reached skill level 4 in Necromancy
  5668 | D:6      | Reached skill level 4 in Translocations
  5668 | D:6      | Reached skill level 4 in Fire Magic
  5668 | D:6      | Reached skill level 4 in Ice Magic
  5668 | D:6      | Reached skill level 4 in Air Magic
  5668 | D:6      | Reached skill level 4 in Earth Magic
  5668 | D:6      | Reached skill level 4 in Alchemy
  5668 | D:6      | Reached skill level 6 in Invocations
  5668 | D:6      | Reached skill level 5 in Evocations
  5668 | D:6      | Reached skill level 8 in Shapeshifting
  5668 | D:6      | Reached XP level 9. HP: 69/69 MP: 12/17
  5985 | D:6      | You pick up a book of Debilitation and begin reading...
  5985 | D:6      | You add the spells Slow, Sigil of Binding, Vampiric
                  | Draining and Confusing Touch to your library.
  6549 | D:7      | Identified the amulet of Esyum {Acrobat Harm Int+3}
  6577 | D:7      | You pick up a book of Storms and begin reading...
  6577 | D:7      | You add the spells Static Discharge and Airstrike to your
                  | library.
  6645 | D:7      | Found Diulug's Magic Scroll Emporium.
  6652 | D:7      | Bought a scroll of fear for 44 gold pieces
  7259 | D:8      | Found a blossoming altar of Fedhas.
  7279 | D:8      | Found an ornate altar of the Wu Jian Council.
  7284 | D:8      | Noticed Maurice
  7286 | D:8      | Reached skill level 9 in Unarmed Combat
  7296 | D:8      | Killed Maurice
  7297 | D:8      | Reached skill level 6 in Short Blades
  7297 | D:8      | Reached skill level 6 in Long Blades
  7297 | D:8      | Reached skill level 6 in Axes
  7297 | D:8      | Reached skill level 6 in Maces & Flails
  7297 | D:8      | Reached skill level 6 in Polearms
  7297 | D:8      | Reached skill level 6 in Staves
  7297 | D:8      | Reached skill level 6 in Ranged Weapons
  7297 | D:8      | Reached skill level 6 in Throwing
  7297 | D:8      | Reached skill level 6 in Armour
  7297 | D:8      | Reached skill level 6 in Stealth
  7297 | D:8      | Reached skill level 6 in Shields
  7297 | D:8      | Reached skill level 6 in Spellcasting
  7297 | D:8      | Reached skill level 5 in Conjurations
  7297 | D:8      | Reached skill level 5 in Hexes
  7297 | D:8      | Reached skill level 5 in Summonings
  7297 | D:8      | Reached skill level 5 in Necromancy
  7297 | D:8      | Reached skill level 5 in Translocations
  7297 | D:8      | Reached skill level 5 in Fire Magic
  7297 | D:8      | Reached skill level 5 in Ice Magic
  7297 | D:8      | Reached skill level 5 in Air Magic
  7297 | D:8      | Reached skill level 5 in Earth Magic
  7297 | D:8      | Reached skill level 5 in Alchemy
  7297 | D:8      | Reached skill level 6 in Evocations
  7297 | D:8      | Reached XP level 10. HP: 61/77 MP: 13/19
  7315 | D:8      | HP: 14/77 [komodo dragon (25)]
  7704 | D:8      | Noticed Maggie
  7730 | D:8      | Killed Maggie
  7895 | D:8      | HP: 13/77 [komodo dragon (26)]
  8229 | D:8      | Found Noon's Book Boutique.
  8519 | D:8      | Found a runed translucent door.
  8528 | D:8      | Found a basalt altar of Yredelemnul.
  8587 | D:8      | Found a stormy altar of Qazlal.
  8590 | D:8      | You pick up a book of Misfortune and begin reading...
  8590 | D:8      | You add the spells Jinxbite, Yara's Violent Unravelling and
                  | Enfeeble to your library.
  8656 | D:8      | Noticed Pikel
  8707 | D:7      | Killed Pikel
  8708 | D:7      | Reached skill level 7 in Invocations
  8882 | D:8      | Reached skill level 7 in Fighting
  8882 | D:8      | Reached skill level 8 in Dodging
  9003 | D:8      | Found a sparkling altar of Nemelex Xobeh.
  9171 | D:9      | HP: 19/78 [orc wizard/puff of flame (15)]
  9615 | D:9      | Found a hazy altar of Hepliaklqana.
  9616 | D:9      | Noticed a gargoyle
  9617 | D:9      | Found a faded altar of an unknown god.
  9624 | D:9      | HP: 14/79 [gargoyle/stone arrow (24)]
  9632 | D:9      | HP: 13/79 [gargoyle/+9 quarterstaff (17)]
  9634 | D:9      | Found a staircase to the Lair.
  9804 | D:9      | Learned a level 2 spell: Static Discharge
  9940 | D:9      | Noticed a two-headed ogre
  9979 | D:9      | Killed a two-headed ogre
  9980 | D:9      | Reached skill level 9 in Shapeshifting
  9980 | D:9      | Reached XP level 11. HP: 26/84 MP: 20/20
 10622 | D:9      | HP: 8/84 [gargoyle/+9 quarterstaff (19)]
 10625 | D:9      | HP: 1/84 [gargoyle/+9 quarterstaff (19)]
 10949 | Lair:1   | Entered Level 1 of the Lair of Beasts
 11090 | Lair:1   | HP: 21/84 [poisoned by a cane toad]
 11310 | Lair:1   | HP: 18/84 [blink frog (8)]
 11802 | Lair:1   | Reached skill level 7 in Short Blades
 11802 | Lair:1   | Reached skill level 7 in Long Blades
 11802 | Lair:1   | Reached skill level 7 in Axes
 11802 | Lair:1   | Reached skill level 7 in Maces & Flails
 11802 | Lair:1   | Reached skill level 7 in Polearms
 11802 | Lair:1   | Reached skill level 7 in Staves
 11802 | Lair:1   | Reached skill level 7 in Ranged Weapons
 11802 | Lair:1   | Reached skill level 7 in Throwing
 11802 | Lair:1   | Reached skill level 7 in Armour
 11802 | Lair:1   | Reached skill level 7 in Stealth
 11802 | Lair:1   | Reached skill level 7 in Shields
 11802 | Lair:1   | Reached skill level 7 in Spellcasting
 11802 | Lair:1   | Reached skill level 7 in Evocations
 11857 | Lair:1   | HP: 21/84 [blink frog (13)]
 11857 | Lair:1   | HP: 8/84 [blink frog (13)]
 12609 | Lair:1   | Noticed a boulder beetle
 12622 | Lair:1   | Reached skill level 6 in Conjurations
 12622 | Lair:1   | Reached skill level 6 in Hexes
 12622 | Lair:1   | Reached skill level 6 in Summonings
 12622 | Lair:1   | Reached skill level 6 in Necromancy
 12622 | Lair:1   | Reached skill level 6 in Translocations
 12622 | Lair:1   | Reached skill level 6 in Fire Magic
 12622 | Lair:1   | Reached skill level 6 in Ice Magic
 12622 | Lair:1   | Reached skill level 6 in Air Magic
 12622 | Lair:1   | Reached skill level 6 in Earth Magic
 12622 | Lair:1   | Reached skill level 6 in Alchemy
 12650 | Lair:1   | Killed a boulder beetle
 12651 | Lair:1   | Reached skill level 8 in Invocations
 12901 | Lair:1   | Found a bloodstained altar of Trog.
 13636 | Lair:2   | Learned a level 3 spell: Confusing Touch
 13704 | Lair:2   | Reached skill level 10 in Unarmed Combat
 14432 | Lair:2   | Reached skill level 8 in Fighting
 14432 | Lair:2   | Reached XP level 12. HP: 81/87 MP: 23/23
 14479 | Lair:2   | HP: 18/92 [yak[a torpor snail] (9)]
 14832 | Lair:2   | Reached skill level 9 in Dodging
 15010 | Lair:2   | Noticed a skyshark
 15017 | Lair:2   | HP: 12/92 [skyshark (16)]
 15022 | Lair:2   | HP: 21/138 [skyshark (2)]
 15028 | Lair:2   | Killed a skyshark
 15919 | Lair:2   | Identified the +1 scale mail of Lesser Demons {rN+ Will+
                  | Str+3}
 17146 | Lair:3   | Reached skill level 8 in Short Blades
 17146 | Lair:3   | Reached skill level 8 in Long Blades
 17146 | Lair:3   | Reached skill level 8 in Axes
 17146 | Lair:3   | Reached skill level 8 in Maces & Flails
 17146 | Lair:3   | Reached skill level 8 in Polearms
 17146 | Lair:3   | Reached skill level 8 in Staves
 17146 | Lair:3   | Reached skill level 8 in Ranged Weapons
 17146 | Lair:3   | Reached skill level 8 in Throwing
 17146 | Lair:3   | Reached skill level 8 in Armour
 17146 | Lair:3   | Reached skill level 8 in Stealth
 17146 | Lair:3   | Reached skill level 8 in Shields
 17146 | Lair:3   | Reached skill level 8 in Spellcasting
 17146 | Lair:3   | Reached skill level 8 in Evocations
 17159 | Lair:3   | Noticed a death yak
 17451 | Lair:3   | Learned a level 2 spell: Jinxbite
 17642 | Lair:3   | HP: 19/94 [torpor snail (13)]
 17644 | Lair:3   | HP: 7/94 [torpor snail (13)]
 17965 | Lair:3   | Reached skill level 10 in Shapeshifting
 18466 | Lair:3   | Noticed a death yak
 18487 | Lair:3   | You pick up a book of Burglary and begin reading...
 18487 | Lair:3   | You add the spells Ensorcelled Hibernation, Swiftness and
                  | Passwall to your library.
 18492 | Lair:3   | Learned a level 3 spell: Swiftness
 18543 | Lair:3   | Noticed a boulder beetle
 18800 | Lair:3   | Noticed a death yak
 18850 | Lair:3   | Noticed a death yak
 18879 | Lair:3   | Reached skill level 9 in Invocations
 18934 | Lair:3   | Found a staircase to the Swamp.
 19366 | Lair:4   | Noticed Urug
 19384 | Lair:4   | Killed Urug
 19685 | D:5      | Bought a ring of poison resistance for 220 gold pieces
 19898 | Lair:4   | Noticed Kirke
 19911 | Lair:4   | Reached skill level 7 in Conjurations
 19911 | Lair:4   | Reached skill level 7 in Hexes
 19911 | Lair:4   | Reached skill level 7 in Summonings
 19911 | Lair:4   | Reached skill level 7 in Necromancy
 19911 | Lair:4   | Reached skill level 7 in Translocations
 19911 | Lair:4   | Reached skill level 7 in Fire Magic
 19911 | Lair:4   | Reached skill level 7 in Ice Magic
 19911 | Lair:4   | Reached skill level 7 in Air Magic
 19911 | Lair:4   | Reached skill level 7 in Earth Magic
 19911 | Lair:4   | Reached skill level 7 in Alchemy
 19930 | Lair:4   | Killed Kirke
 19931 | Lair:4   | Reached XP level 13. HP: 86/100 MP: 25/25
 20568 | Lair:4   | HP: 23/100 [eight-headed hydra (6)]
 20574 | Lair:4   | HP: 21/150 [wyvern (10)]
 20577 | Lair:4   | HP: 4/150 [eight-headed hydra (11)]
 20580 | Lair:4   | Reached skill level 9 in Fighting
 21700 | Lair:4   | HP: 14/101 [elephant (13)]
 22106 | Lair:4   | Learned a level 3 spell: Volatile Blastmotes
 22462 | Lair:3   | Found a staircase to the Snake Pit.
 23122 | Lair:3   | Reached skill level 10 in Dodging
 23122 | Lair:3   | Reached skill level 11 in Unarmed Combat
 23965 | Lair:3   | Reached skill level 9 in Short Blades
 23965 | Lair:3   | Reached skill level 9 in Long Blades
 23965 | Lair:3   | Reached skill level 9 in Axes
 23965 | Lair:3   | Reached skill level 9 in Maces & Flails
 23965 | Lair:3   | Reached skill level 9 in Polearms
 23965 | Lair:3   | Reached skill level 9 in Staves
 23965 | Lair:3   | Reached skill level 9 in Ranged Weapons
 23965 | Lair:3   | Reached skill level 9 in Throwing
 23965 | Lair:3   | Reached skill level 9 in Armour
 23965 | Lair:3   | Reached skill level 9 in Stealth
 23965 | Lair:3   | Reached skill level 9 in Shields
 23965 | Lair:3   | Reached skill level 9 in Spellcasting
 23965 | Lair:3   | Reached skill level 9 in Evocations
 23991 | Lair:3   | HP: 7/121 [death yak (26)]
 24577 | Lair:4   | HP: 29/121 [death yak (10)]
 24580 | Lair:4   | HP: 12/121 [death yak (3)]
 24581 | Lair:4   | Mangled by a death yak

Vanquished Creatures
  Kirke (Lair:4)
  A hydra (Lair:4)
  A two-headed ogre (D:9)
  2 boulder beetles
  8 death yaks
  Urug (Lair:4)
  A skyshark (Lair:2)
  Pikel (D:7)
  2 bog bodies (Lair:3)
  A salamander (Lair:3)
  Maurice (D:8)
  3 black mambas
  8 elephants
  3 torpor snails
  A gargoyle (D:9)
  6 cane toads
  Maggie (D:8)
  2 rime drakes
  3 komodo dragons
  13 blink frogs
  A shadow (D:6)
  3 wyverns
  28 yaks
  A hog (Lair:4)
  2 steam dragons (D:7)
  4 basilisks
  3 vampire mosquitoes (Lair:2)
  16 water moccasins
  4 orc warriors
  2 ice beasts (D:6)
  2 sky beasts
  An ogre (D:6)
  2 centaurs
  A phantom (D:4)
  5 kobold brigands
  2 scorpions
  18 bullfrogs
  3 wights (D:8)
  4 howler monkeys
  2 electric eels (D:6)
  A bombardier beetle (D:5)
  2 human zombies (D:8)
  7 orc priests
  2 hounds
  2 sleepcaps (D:6)
  4 jellies
  7 orc wizards
  18 hell rats
  5 gnolls
  5 adders
  A white imp (D:6)
  2 ufetubi (D:5)
  2 dart slugs (D:5)
  4 ribbon worms
  41 orcs
  3 ball pythons
  5 bats
  8 endoplasms
  5 giant cockroaches
  10 goblins
  12 hobgoblins
  2 jackals (D:4)
  5 quokkas
  3 frilled lizards
  2 jackal zombies (D:8)
  23 kobolds
  7 rats
352 creatures vanquished.

Vanquished Creatures (others)
  2 humans (Lair:4)
2 creatures vanquished.

Grand Total: 354 creatures vanquished

Table legend:
 A = Non-vault XP
 B = Vault XP
 C = Vault XP percentage of total XP
 D = Non-vault monster count
 E = Vault monster count
 F = Vault count percentage of total count
                 A         B        C        D         E       F
            +---------+---------+-------+---------+---------+-------
      Total |   37454 |   10418 |  21.8 |     286 |      66 |  18.8
            +---------+---------+-------+---------+---------+-------
        D:1 |      62 |       0 |   0.0 |      21 |       0 |   0.0
        D:2 |     104 |       0 |   0.0 |      25 |       0 |   0.0
        D:3 |      35 |       0 |   0.0 |      17 |       0 |   0.0
        D:4 |     310 |       4 |   1.3 |      10 |       2 |  16.7
        D:5 |     332 |       0 |   0.0 |      16 |       0 |   0.0
        D:6 |    1269 |       0 |   0.0 |      20 |       0 |   0.0
        D:7 |     721 |     663 |  47.9 |      12 |       1 |   7.7
        D:8 |    1322 |    1361 |  50.7 |      22 |      32 |  59.3
        D:9 |    2087 |     423 |  16.9 |      30 |       5 |  14.3
     Lair:1 |    5572 |    1211 |  17.9 |      24 |       4 |  14.3
     Lair:2 |    5469 |    2504 |  31.4 |      32 |      16 |  33.3
     Lair:3 |   12778 |    1833 |  12.5 |      32 |       3 |   8.6
     Lair:4 |    7393 |    2419 |  24.7 |      25 |       3 |  10.7
            +---------+---------+-------+---------+---------+-------

Skill      XL: |  1  2  3  4  5  6  7  8  9 10 11 12 13 |
---------------+----------------------------------------+-----
Invocations    | 1 2 3 6 7 8 9 |  9.9
Short Blades   | 1 2 3 5 6 7 8 9 |  9.1
Long Blades    | 1 2 3 5 6 7 8 9 |  9.1
Axes           | 1 2 3 5 6 7 8 9 |  9.1
Maces & Flails | 1 2 3 5 6 7 8 9 |  9.1
Polearms       | 1 2 3 5 6 7 8 9 |  9.1
Staves         | 1 2 3 5 6 7 8 9 |  9.1
Ranged Weapons | 1 2 3 5 6 7 8 9 |  9.1
Throwing       | 1 2 3 5 6 7 8 9 |  9.1
Armour         | 1 2 3 5 6 7 8 9 |  9.1
Stealth        | 1 2 3 5 6 7 8 9 |  9.1
Shields        | 1 2 3 5 6 7 8 9 |  9.1
Spellcasting   | 1 2 3 5 6 7 8 9 |  9.1
Evocations     | 1 2 3 5 6 7 8 9 |  9.1
Conjurations   | 1 2 4 5 6 7 |  7.6
Hexes          | 1 2 4 5 6 7 |  7.6
Summonings     | 1 2 4 5 6 7 |  7.6
Necromancy     | 1 2 4 5 6 7 |  7.6
Translocations | 1 2 4 5 6 7 |  7.6
Fire Magic     | 1 2 4 5 6 7 |  7.6
Ice Magic      | 1 2 4 5 6 7 |  7.6
Air Magic      | 1 2 4 5 6 7 |  7.6
Earth Magic    | 1 2 4 5 6 7 |  7.6
Alchemy        | 1 2 4 5 6 7 |  7.6
Fighting       | 3 4 6 7 8 9 |  9.5
Dodging        | 5 7 8 9 10 | 10.2
Unarmed Combat | 7 8 9 10 11 | 11.2
Shapeshifting  | 7 8 9 10 | 10.6

Action                     |  1- 3 |  4- 6 |  7- 9 | 10-12 | 13-15 || total
---------------------------+-------+-------+-------+-------+-------++-------
  Melee: Unarmed           |    40 |   128 |   164 |   877 |   245 ||  1454
         Bite              |     5 |    13 |    23 |   147 |    32 ||   220
         Punch             |     2 |       |       |       |       ||     2
         Dagger            |       |    34 |       |       |       ||    34
         Constrict         |       |       |       |       |    18 ||    18
  Throw: Dart              |       |       |       |     5 |       ||     5
   Cast: Static Discharge  |       |       |       |    47 |     1 ||    48
         Confusing Touch   |       |       |       |     2 |     3 ||     5
         Jinxbite          |       |       |       |     3 |     4 ||     7
         Swiftness         |       |       |       |     1 |     1 ||     2
         Volatile Blastmot |       |       |       |       |     2 ||     2
 Invoke: Potion Petition   |       |       |       |     3 |     3 ||     6
Ability: Begin Untransform |       |       |       |       |     1 ||     1
  Evoke: Wand              |       |       |     7 |    22 |     1 ||    30
    Use: Scroll            |       |     8 |     5 |    24 |     3 ||    40
         Potion            |       |     3 |     2 |    11 |     2 ||    18
   Stab: Sleeping          |     1 |     2 |     5 |     4 |       ||    12
         Distracted        |       |       |       |     4 |     1 ||     5
         Confused          |       |       |       |     1 |     1 ||     2
 Armour: Animal skin       |     9 |    76 |     1 |       |       ||    86
         Ring mail         |       |       |    81 |   338 |       ||   419
         Scale mail        |       |       |       |    98 |   117 ||   215
         Skin              |       |       |       |       |    49 ||    49
  Dodge: Dodged            |    24 |   118 |    83 |   421 |   145 ||   791
  Block: Buckler           |       |    28 |    26 |   188 |    58 ||   300
   Form: Serpent           |       |       |       |       |     1 ||     1

Illustrated notes

Table legend:
 A = Kills in this place as a percentage of kills in the entire game.
 B = Kills by you in this place as a percentage of kills by you in the entire game.
 C = Kills by friends in this place as a percentage of kills by friends in the entire game.
 D = Other kills in this place as a percentage of other kills in the entire game.
 E = Experience gained in this place as a percentage of experience gained in the entire game.
 F = Experience gained in this place divided by the number of levels of this place that you have seen.
                   A       B       C       D       E      F
               +-------+-------+-------+-------+-------+----------------------
         Total | 100.0 | 100.0 |   N/A | 100.0 | 100.0 | 3419.4
       Dungeon |  60.5 |  60.7 |   N/A |   0.0 |  18.2 | 965.9
          Lair |  39.5 |  39.3 |   N/A | 100.0 |  81.8 | 9794.8
               +-------+-------+-------+-------+-------+----------------------

Table legend: (Time is in decaauts)
 A = Elapsed time spent in this place.
 B = Non-inter-level travel time spent in this place.
 C = Inter-level travel time spent in this place.
 D = Time resting spent in this place.
 E = Time spent auto-exploring this place.
 F = Levels seen in this place.
 G = Mean time per level.
                   A        B        C        D        E       F      G
               +--------+--------+--------+--------+--------+-----+--------+
         Total |  24426 |  23641 |    785 |  10631 |   7850 |  14 | 1744.7 |
       Dungeon |  10919 |  10378 |    541 |   2980 |   5312 |   9 | 1213.2 |
        Temple |    100 |     72 |     28 |      0 |      0 |   1 |  100.0 |
          Lair |  13407 |  13192 |    215 |   7651 |   2538 |   4 | 3351.8 |
               +--------+--------+--------+--------+--------+-----+--------+

Top non-repeatable levels by time:
  Lair:3: 4394 daAuts
  Lair:1: 3323 daAuts
  Lair:2: 3110 daAuts
  Lair:4: 2578 daAuts
     D:7: 1519 daAuts
     D:9: 1503 daAuts
     D:6: 1489 daAuts
     D:8: 1459 daAuts
     D:3: 1266 daAuts
     D:5: 1200 daAuts
     D:4: 903 daAuts
     D:1: 790 daAuts
     D:2: 785 daAuts
  Temple: 100 daAuts
